 Dungeon Crawl Stone Soup version 0.31-a0-358-gac0dbeb3ab (webtiles) character file.

Game seed: 3530098863825500139

1425 Newt the Carver (level 8, -2/64 HPs)
             Began as a Merfolk Fighter on July 25, 2023.
             Was a Believer of Okawaru.
             Slain by a sleepcap (10 damage)
             ... on level 6 of the Dungeon.
             The game lasted 00:05:00 (5351 turns).

Newt the Carver (Merfolk Fighter)                   Turns: 5351, Time: 00:05:00

Health: -2/64      AC:  6    Str: 22 (24) XL:     8   Next: 72%
Magic:  8/8        EV:  2    Int:  8      God:    Okawaru [**....]
Gold:   354        SH:  0    Dex: 13      Spells: 7/7 levels left

rFire   + . .        a - +1 long sword (elec)
rCold   . . .        c - +1 buckler
rNeg    . . .        s - +0 scale mail
rPois   .            (no helmet)
rElec   .            (no cloak)
rCorr   .            (no gloves)
SInv    .            (no boots)
Will    .....        (no amulet) Stlth
                     f - +6 ring of strength
HPRegen 0.30/turn    l - ring of protection from fire
MPRegen 0.11/turn

%: no passive effects
@: sleeping, studying Short Blades
A: (nimble swimmer 2), mertail
a: Renounce Religion, Heroism


You were on level 6 of the Dungeon.
You worshipped Okawaru.
Okawaru was pleased with you.
You visited 1 branch of the dungeon, and saw 6 of its levels.

You collected 354 gold pieces.

Inventory:

Hand Weapons
 a - a +1 long sword of electrocution (weapon)
 b - a +1 sling of freezing
Missiles
 h - 4 poisoned darts
Armour
 c - a +1 buckler (worn)
 s - a +0 scale mail (worn)
Jewellery
 f - a +6 ring of strength (left hand)
 l - a ring of protection from fire (right hand)
 v - a ring of protection from fire
Talismans
 g - a maw talisman
Wands
 n - a wand of flame (22)
 t - a wand of digging (8)
Scrolls
 p - 2 scrolls of teleportation
 u - 3 scrolls of brand weapon
 x - a scroll of fear
 y - a scroll of enchant armour
 z - a scroll of noise
Potions
 d - a potion of might
 e - 2 potions of heal wounds
 i - 2 potions of attraction {unknown}
 j - 2 potions of ambrosia {unknown}
 k - a potion of mutation
 m - a potion of curing
 q - 2 potions of magic {unknown}
 r - a potion of resistance
 w - a potion of invisibility {unknown}
 A - a potion of cancellation {unknown}
 B - a potion of lignification {unknown}
 C - a potion of degeneration


   Skills:
 - Level 6.0 Fighting
 - Level 9.0 Long Blades
 - Level 2.1 Armour
 - Level 4.0 Dodging
 - Level 3.0 Shields
 + Level 4.9 Evocations


You had 7 spell levels left.
You didn't know any spells.
Your spell library contained the following spells:

 Spells                   Type           Power      Damage    Failure   Level
 Foxfire                  Conj/Fire      0%         2x1d4     80%         1
 Freeze                   Ice            0%         1d3       80%         1
 Ensorcelled Hibernation  Hex/Ice        0%         N/A       91%         2
 Static Discharge         Conj/Air       0%         2-2/arc   91%         2
 Mephitic Cloud           Conj/Pois/Air  0%         N/A       99%         3
 Vhi's Electric Charge    Tloc/Air       0%         N/A       99%         3
 Anguish                  Hex/Necr       0%         N/A       100%        4
 Flame Wave               Conj/Fire      0%         2d4       100%        4
 Arcjolt                  Conj/Air       0%         1d10      100%        5
 Plasma Beam              Fire/Air       0%         2x1d10    100%        6
 Starburst                Conj/Fire      0%         6d3       100%        6
 Ozocubu's Refrigeration  Ice            0%         4d7       100%        7
 Maxwell's Capacitive Co  Air            0%         ∞         100%        8
 Polar Vortex             Ice            0%         N/A       100%        9
 Simulacrum               Ice/Necr       Unusable   N/A       N/A         6

Dungeon Overview and Level Annotations

Branches:
Dungeon (6/15)             Temple (0/1) D:5

Altars:
Dithmenos
Fedhas
Gozag
Kikubaaqudgha
Okawaru
Ru
Sif Muna
Trog
Zin
The Shining One

Shops:
D:1 =   D:5 (


Innate Abilities, Weirdness & Mutations

((You are very nimble when in or above water. (Stealth+, EV+, Speed+++)))
Your lower body shifts to a powerful aquatic tail in water.


Message History

The centaur is moderately wounded.
The centaur hits you but does no damage.
The centaur kicks you.
* * * LOW HITPOINT WARNING * * *
The sleepcap misses you.
Unknown command.
You hit the centaur but do no damage.
The centaur is moderately wounded.
The centaur hits you but does no damage.
The centaur kicks you but does no damage.
You block the sleepcap's attack. The centaur hits you.
* * * LOW HITPOINT WARNING * * *
The centaur kicks you but does no damage.
Unknown command.
You feel better.
The centaur misses you. x2; The sleepcap misses you.
You hit the centaur.
The centaur is severely wounded.
The centaur barely misses you. The centaur kicks you.
The sleepcap releases spores at you but does no damage.
The centaur hits you.
* * * LOW HITPOINT WARNING * * *
The centaur barely misses you.
You hit the centaur. Lightning courses through the centaur!
You kill the centaur!
Okawaru accepts your kill. The sleepcap releases spores at you.
* * * LOW HITPOINT WARNING * * *
Unknown command.
You hit the sleepcap.
The sleepcap is moderately damaged.
The sleepcap releases spores at you but does no damage.
Unknown command.
You hit the sleepcap.
The sleepcap is moderately damaged.
The sleepcap releases spores at you.
* * * LOW HITPOINT WARNING * * *
You are engulfed in a cloud of soporific spores!
You fall asleep.
The sleepcap releases spores at you!
You die...

### ### #..##.# #.....#
#...#.# #...#.#
########### #...#.#
#.........#
#..@#.###.##......#
......f)#.....##......#
#######.########......#
..# #......# ###
#....<.## #........
#........ +........
####.....#..


You could see a sleepcap.

Vanquished Creatures
  An acid dragon (D:4)
  An ice beast (D:5)
  3 black bears
  2 ogres
  A centaur (D:6)
  A bullfrog (D:6)
  3 scorpions
  A howler monkey (D:4)
  2 jellies
  Jessica (D:2)
  An iguana (D:4)
  6 orc wizards
  6 adders
  2 shadow imps
  4 worms
  A dart slug (D:1)
  15 orcs
  6 endoplasms
  3 giant cockroaches
  3 hobgoblins
  7 kobolds
  4 quokkas
  3 ball pythons
  6 bats
  A frilled lizard (D:3)
  6 goblins
  6 rats
96 creatures vanquished.

Vanquished Creatures (others)
  A wizard (D:3)
1 creature vanquished.

Grand Total: 97 creatures vanquished

Notes
Turn   | Place    | Note
-------+----------+-------------------------------------------
     0 | D:1      | Newt the Merfolk Fighter began the quest for the Orb.
     0 | D:1      | Reached XP level 1. HP: 18/18 MP: 1/1
    60 | D:1      | Found Kuos Dan's Jewellery Shoppe.
   250 | D:1      | Reached XP level 2. HP: 25/25 MP: 2/2
   317 | D:1      | Reached skill level 1 in Dodging
   441 | D:1      | Got the Volume of Gelid Combat Magic
   913 | D:2      | Noticed Jessica
   920 | D:2      | Killed Jessica
   921 | D:2      | Reached XP level 3. HP: 27/30 MP: 3/3
  1315 | D:2      | You fall into a shaft and drop 2 floors!
  1315 | D:4      | Found an ancient bone altar of Kikubaaqudgha.
  1327 | D:4      | Reached XP level 4. HP: 27/37 MP: 4/4
  1428 | D:4      | Reached skill level 3 in Long Blades
  1429 | D:4      | Found an iron altar of Okawaru.
  1438 | D:4      | Became a worshipper of Warmaster Okawaru
  1552 | D:3      | Reached skill level 4 in Long Blades
  1552 | D:3      | Reached XP level 5. HP: 42/42 MP: 5/5
  1800 | D:3      | Found a glowing silver altar of Zin.
  1800 | D:3      | Found an opulent altar of Gozag.
  1955 | D:3      | Found a bloodstained altar of Trog.
  2005 | D:3      | Reached skill level 5 in Long Blades
  2221 | D:3      | Noticed a wizard
  2226 | D:3      | Killed a wizard
  2752 | D:4      | Noticed an ogre
  2760 | D:4      | Killed an ogre
  2760 | D:4      | Reached * piety under Okawaru
  2761 | D:4      | Reached skill level 5 in Fighting
  2761 | D:4      | Reached XP level 6. HP: 29/51 MP: 6/6
  2903 | D:4      | Noticed an acid dragon
  2916 | D:4      | Killed an acid dragon
  2917 | D:4      | Reached XP level 7. HP: 42/58 MP: 5/7
  3203 | D:4      | Found a blossoming altar of Fedhas.
  3205 | D:4      | Found a glowing golden altar of the Shining One.
  3206 | D:4      | Found a sacrificial altar of Ru.
  3358 | D:5      | Entered Level 5 of the Dungeon
  3368 | D:5      | Reached skill level 6 in Long Blades
  3431 | D:5      | Found Guupepn's Hydra Hut.
  3434 | D:5      | Noticed a four-headed hydra
  3503 | D:5      | Identified the +1 trident of the Chewing Soothsayer
                  | {freeze, Str+6 Int+3 Dex-3 SInv}
  3529 | D:5      | Reached skill level 7 in Long Blades
  3608 | D:5      | Reached ** piety under Okawaru
  3690 | D:5      | Reached skill level 8 in Long Blades
  3764 | D:5      | Reached XP level 8. HP: 64/64 MP: 8/8
  4036 | D:5      | Reached skill level 9 in Long Blades
  4083 | D:5      | Found a shimmering blue altar of Sif Muna.
  4110 | D:5      | Reached skill level 1 in Evocations
  4189 | D:5      | Found a staircase to the Ecumenical Temple.
  4524 | D:6      | Found a shadowy altar of Dithmenos.
  5351 | D:6      | Slain by a sleepcap

Illustrated notes

Levels and vault maps discovered:
D:1:      dpeg_arrival_connections, layout_loops_ring, serial_aquarium,
          aquarium_bridge_long_joined [aquarium_subvault_wall,
          aquarium_subvault_balcony, aquarium_subvault_wall,
          aquarium_subvault_bridge, aquarium_subvault_wall,
          aquarium_subvault_window], aquarium_window_fake, aquarium_window_3,
          aquarium_window_1, aquarium_view_2e, serial_shops, shop,
          minmay_pentomino_p2
D:2:      layout_loops_ring, uniq_jessica
D:3:      layout_loops_ring, grunt_temple_overflow_gold_and_silver, trog_wizard,
          minmay_misc_feat_encased, grunt_decor_cap
D:4:      layout_cave_pools, minitemple, kiku_gazebo_pond_becter,
          okawaru_gym_becter, minmay_manual_mandibuliform
D:5:      layout_cave_pools, kennysheep_orc_sif_temple,
          minmay_temple_entry_from_below_a, corexii_leaking_fountain,
          hangedman_abyss_or_decor_lesser_grid, doesnt_shop_hydraphobe
D:6:      layout_basic, nicolae_overflow_hidden_temple

Skill      XL: |  1  2  3  4  5  6  7  8 |
---------------+-------------------------+-----
Fighting       | 4 5 6 |  6.0
Dodging        | 3 4 |  4.0
Long Blades    | 4 5 8 9 |  9.0
Evocations     | 4 |  4.9
Armour         | |  2.1
Shields        | |  3.0

Action                     |  1- 3 |  4- 6 |  7- 9 || total
---------------------------+-------+-------+-------++-------
  Melee: Long sword        |    94 |   114 |   172 ||   380
   Fire: Sling             |       |       |     2 ||     2
 Invoke: Heroism           |       |     1 |       ||     1
    Use: Scroll            |     8 |     2 |     4 ||    14
         Potion            |       |     1 |     3 ||     4
 Armour: Scale mail        |    44 |    37 |    79 ||   160
  Dodge: Dodged            |    44 |    58 |   104 ||   206
  Block: Buckler           |    21 |    25 |    38 ||    84

Table legend: (Time is in decaauts)
 A = Elapsed time spent in this place.
 B = Non-inter-level travel time spent in this place.
 C = Inter-level travel time spent in this place.
 D = Time resting spent in this place.
 E = Time spent auto-exploring this place.
 F = Levels seen in this place.
 G = Mean time per level.
                   A        B        C        D        E       F      G
               +--------+--------+--------+--------+--------+-----+--------+
         Total |   5400 |   5192 |    208 |    538 |   3827 |   6 |  900.0 |
       Dungeon |   5400 |   5192 |    208 |    538 |   3827 |   6 |  900.0 |
               +--------+--------+--------+--------+--------+-----+--------+

Top non-repeatable levels by time:
     D:6: 1031 daAuts
     D:5: 957 daAuts
     D:1: 930 daAuts
     D:4: 898 daAuts
     D:3: 836 daAuts
     D:2: 746 daAuts
